AoeStats
← i cant believe you're not butter

Arena

510521376Analyzed
1v1 RM · 2d ago on Oct 1, 2026· 18m 44s· 2 players
Game mode
Random Map
Map size
Tiny (2 player)
Population
200
Speed
Normal
Resources
Standard
Victory
Conquest
Starting age
Dark Age
Ending age
Imperial Age
RankedLock teamsTeams togetherTeam positionsShared explorationLock speedFull tech treeHidden civsTurbo modeCheats
Victory
Defeat
🇬🇧 Bengalis · United Kingdom
1396
+16
🇺🇸 Danes · United States
1386
-16
i cant believe you're not butter
10:32 Feudal Age
14:18 Castle Age
12:18 Double-Bit Axe
12:39 Horse Collar
14:26 Fletching
16:30 Bodkin Arrow
kPL
10:49 Feudal Age
14:16 Castle Age
12:32 Double-Bit Axe
12:56 Horse Collar
15:28 Bow Saw
17:15 Wheelbarrow
17:21 Sanctity
18:18 Town Watch
Connection lost

Rejoining the realm…

Still unreachable

The connection could not be restored.

Session expired

The server has moved on; the page needs a fresh start.